 Dungeon Crawl Stone Soup version 0.31-a0-986-g5e6e4ef867 (console) character file.

Game seed: 9504393216333741004

491 petzl the Sneak (level 7, -1/52 HPs)
             Began as a Formicid Delver on Nov 19, 2023.
             Was an Initiate of Vehumet.
             Slain by Sonja
             ... wielding a +3 short sword of distortion
              (7 damage)
             ... on level 11 of the Dungeon.
             The game lasted 00:19:22 (5058 turns).

petzl the Sneak (Formicid Delver)                   Turns: 5058, Time: 00:19:23

Health: -1/52      AC:  8    Str: 16    XL:     7   Next: 37%
Magic:  14/14      EV: 11    Int: 12    God:    Vehumet [......]
Gold:   215        SH:  0    Dex: 15    Spells: 12/16 levels left

rFire   . . .        a - +1 orcbow
rCold   . . .        (no shield)
rNeg    . . .        j - +0 ring mail
rPois   .            (helmet unavailable)
rElec   .            p - +2 cloak
rCorr   .            (no gloves)
SInv    +            (no boots)
Will    +....        (no amulet)
Stlth   +++          i - ring of willpower
HPRegen 0.28/turn    u - +4 ring of slaying
MPRegen 0.14/turn

%: no passive effects
@: no status effects
A: permanent stasis, dig shafts and tunnels, antennae 3, four strong arms
a: Dig, Shaft Self, Renounce Religion


You were on level 11 of the Dungeon.
You worshipped Vehumet.
Vehumet was noncommittal.
You visited 1 branch of the dungeon, and saw 10 of its levels.

You collected 215 gold pieces.

Inventory:

Hand Weapons
 a - a +1 orcbow (weapon)
 b - a +4 short sword
 c - a +0 sling
 v - a +0 mace
Missiles
 h - 6 poisoned darts
Armour
 e - the +0 robe of the Serpent {rElec rF+}
   (You found it on level 9 of the Dungeon)

   rF+:       It protects you from fire.
   rElec:     It insulates you from electricity.
 j - a +0 ring mail (worn)
 p - a +2 cloak (worn)
Jewellery
 i - a ring of willpower (left hand)
 t - a ring of wizardry
 u - a +4 ring of slaying (right hand)
Wands
 f - a wand of digging (1)
Scrolls
 d - a scroll of revelation
 g - a scroll of blinking {unknown}
Potions
 m - a potion of enlightenment {unknown}
 n - a potion of curing {unknown}
 o - a potion of heal wounds {unknown}


   Skills:
 - Level 3.2 Fighting
 - Level 2.0 Maces & Flails
 - Level 3.0 Ranged Weapons
 - Level 1.7 Dodging
 - Level 6.0 Stealth
 - Level 5.0 Spellcasting
 + Level 2.2 Conjurations
 + Level 2.4 Fire Magic


You had 12 spell levels left.
You knew the following spells:

 Your Spells              Type           Power      Damage    Failure   Level
a - Sticky Flame          Conj/Fire      8%         2d3       83%         4

Your spell library contained the following spells:

 Spells                   Type           Power      Damage    Failure   Level
 Ignite Poison            Fire/Tmut/Pois 4%         N/A       63%         3
 Gell's Gravitas          Tloc           3%         N/A       75%         3
 Teleport Other           Tloc           3%         N/A       75%         3
 Dispersal                Tloc           1%         N/A       100%        6
 Ignition                 Fire           4%         3d4       100%        8


Dungeon Overview and Level Annotations

Branches:
Dungeon (11/15)              Lair (0/5) D:10            Orc (0/2) D:10
 Temple: D:4-7

Altars:
Cheibriados
Nemelex Xobeh
Qazlal
Ru
Vehumet
Wu Jian

Shops:
D:2 (

Annotations:
D:4 exclusions: ice beast and ogre
D:5 exclusion: ogre, Sigmund
D:9 exclusions: downstairs and 2 sensed monsters (detected), Grum
D:11 Sonja


Innate Abilities, Weirdness & Mutations

You cannot be hasted, slowed, berserked, paralysed or teleported.
You can dig through walls and to a lower floor.
You have a pair of large antennae on your head. (SInv)
Your four strong arms can wield two-handed weapons with a shield.


Message History

There is an open door here.
Press: ? - help, v - describe, . - travel
Here: Sonja, wielding a +3 short sword of distortion and quivering curare-tipped darts The floor.
Unknown command.
Unknown command.
Okay, then.
Unknown command.
Unknown command.
Fire: a) +1 orcbow
Press: ? - help, Q - select action, (/) - cycle Shift-Dir - straight line, f - Sonja
Aim: Sonja, wielding a +3 short sword of distortion and quivering curare-tipped darts (9% to hit)
Okay, then.
Unknown command.
Fire: a) +1 orcbow
Press: ? - help, Q - select action, (/) - cycle Shift-Dir - straight line, f - Sonja
Aim: Sonja, wielding a +3 short sword of distortion and quivering curare-tipped darts (9% to hit)
You shoot an arrow. The arrow closely misses Sonja.
Sonja hits you with a +3 short sword of distortion!
Space warps around you.
Sonja hits you with a +3 short sword of distortion.
Space warps horribly around you!
* * * LOW HITPOINT WARNING * * *
Sonja hits you with a +3 short sword of distortion.
* * * LOW HITPOINT WARNING * * *
Space warps around you.
* * * LOW HITPOINT WARNING * * *
Okay, then.
Unknown command.
Unknown command.
Press: ? - help, v - describe, . - travel
Here: Sonja, wielding a +3 short sword of distortion and quivering curare-tipped darts The floor.
Unknown command.
Unknown command.
Are you sure you want to shaft yourself?
Sonja hits you with a +3 short sword of distortion.
* * * LOW HITPOINT WARNING * * *
Space warps around you!
You die...

#######
.......###
......K@.#
.......#.#
####.###.###
# #.....#
#.#.#.#
#.#.#.# #
#.#.# #.#.#
#.#.#######
..#.#.....#
###.#####.#
#.# #.# #.#
#.# #.# #.#
#.#####.#
#...)...#
#########


You could see Sonja.

Vanquished Creatures
  An ogre (D:5)
  A centaur (D:9)
  A howler monkey (D:10)
  3 iguanas
  2 orc wizards (D:4)
  2 gnolls
  7 adders
  A worm (D:4)
  3 dart slugs
  5 orcs
  A ball python (D:1)
  4 endoplasms
  10 giant cockroaches
  6 goblins
  3 hobgoblins
  2 quokkas (D:3)
  8 bats
  4 frilled lizards
  7 kobolds
  6 rats
77 creatures vanquished.

Notes
Turn   | Place    | Note
-------+----------+-------------------------------------------
     0 | D:5      | petzl the Formicid Delver began the quest for the Orb.
     0 | D:5      | Reached XP level 1. HP: 18/18 MP: 1/1
     1 | D:5      | Noticed a gnoll bouda
     5 | D:6      | Noticed an iguana
     5 | D:6      | Noticed a phantom
   137 | D:4      | Reached skill level 1 in Spellcasting
   143 | D:4      | Reached XP level 2. HP: 12/24 MP: 2/4
   258 | D:3      | Found a snail-covered altar of Cheibriados.
   381 | D:2      | Found Lovoumy's Weapon Shop.
   474 | D:1      | Reached XP level 3. HP: 27/29 MP: 6/6
  1413 | D:2      | Reached XP level 4. HP: 32/35 MP: 8/8
  2016 | D:3      | Reached skill level 1 in Ranged Weapons
  2101 | D:3      | Found a stormy altar of Qazlal.
  2130 | D:3      | Reached XP level 5. HP: 27/41 MP: 10/10
  2401 | D:3      | Found a faded altar of an unknown god.
  2406 | D:3      | Found a radiant altar of Vehumet.
  2657 | D:3      | Found a sacrificial altar of Ru.
  2822 | D:3      | Became a worshipper of Vehumet
  2831 | D:4      | Noticed an ice beast
  3018 | D:4      | Noticed an ogre
  3033 | D:4      | Found an ornate altar of the Wu Jian Council.
  3552 | D:4      | Reached XP level 6. HP: 41/47 MP: 12/12
  4125 | D:5      | Noticed an ogre
  4155 | D:5      | Noticed an ogre
  4179 | D:5      | Reached skill level 5 in Spellcasting
  4187 | D:5      | Learned a level 4 spell: Sticky Flame
  4377 | D:5      | Killed an ogre
  4378 | D:5      | Reached skill level 1 in Conjurations
  4378 | D:5      | Reached skill level 1 in Fire Magic
  4378 | D:5      | Reached XP level 7. HP: 38/52 MP: 14/14
  4459 | D:5      | Noticed Sigmund
  4520 | D:5      | You fall into a shaft and drop 3 floors!
  4524 | D:8      | You fall into a shaft and drop 2 floors!
  4524 | D:10     | Entered Level 10 of the Dungeon
  4662 | D:10     | Found a sparkling altar of Nemelex Xobeh.
  4719 | D:10     | Noticed a troll
  4746 | D:9      | Identified the +0 robe of the Serpent {rElec rF+}
  4861 | D:9      | Noticed Grum
  4870 | D:10     | Noticed a death yak
  4870 | D:10     | Found a staircase to the Lair.
  4873 | D:10     | Noticed a death yak
  4874 | D:11     | Noticed a vampire mosquito
  4874 | D:11     | Noticed a vampire mosquito
  4874 | D:11     | Noticed a vampire mosquito
  4874 | D:11     | Noticed a yak
  4874 | D:11     | Noticed a yak
  4874 | D:11     | Noticed a yak
  4874 | D:11     | Noticed a meliai
  4881 | D:10     | You fall into a shaft and drop 1 floor!
  5056 | D:11     | Noticed Sonja
  5058 | D:11     | Slain by Sonja

Illustrated notes

Levels and vault maps discovered:
D:1:      dpeg_arrival_prison, layout_basic, serial_forest,
          infiniplex_forest_straight_2, infiniplex_forest_clump_diagonal,
          infiniplex_forest_end_2, infiniplex_forest_lined_2,
          infiniplex_forest_lined_3, infiniplex_forest_zigzag_2,
          infiniplex_forest_clump_small, infiniplex_forest_straight_2,
          chequers_arboretum
D:2:      layout_loops_ring, serial_shops, shop, minmay_crystal_water,
          kennysheep_another_room, kennysheep_donut
D:3:      layout_loops_ring, nicolae_ru_path_of_blood, kennysheep_slug_shrine,
          mainiacjoe_overflow_small_starburst, nicolae_overflow_ecumenical_swirl
D:4:      layout_cave_pods, nzn_wu_jian_contemplation
D:5:      layout_gridville, elyvilon_altar_3, lemuel_round_altar, serial_shops,
          nicolae_shop_tiny_statue_garden, kennysheep_boxes, uniq_sigmund
D:6:      layout_cave_pools, general_overflow_altar, gammafunk_ghost_hive,
          uniq_duvessa
D:8:      layout_loops_cross, nicolae_hepliaklqana_monster_ancestors,
          nicolae_overflow_hidden_temple
D:9:      layout_cross, mainiacjoe_overflow_alcove_2, uniq_grum
D:10:     layout_irregular_city, mainiacjoe_overflow_tiny_flanked, zin_academy,
          mainiacjoe_overflow_catwalk, dpeg_lair_monsters, hiddenorc1_lemuel
D:11:     layout_basic, nzn_ghost_randoct, uniq_sonja, uniq_maurice

Skill      XL: |  1  2  3  4  5  6  7 |
---------------+----------------------+-----
Spellcasting   | 1 2 3 4 5 |  5.0
Ranged Weapons | 1 2 3 |  3.0
Conjurations   | 1 2 |  2.2
Fire Magic     | 1 2 |  2.4
Fighting       | |  3.2
Maces & Flails | |  2.0
Dodging        | |  1.7
Stealth        | |  6.0

Action                     |  1- 3 |  4- 6 |  7- 9 || total
---------------------------+-------+-------+-------++-------
  Melee: Mace              |   109 |    65 |       ||   174
         Punch             |     1 |       |       ||     1
         Short sword       |       |    36 |    13 ||    49
   Fire: Sling             |       |    87 |     4 ||    91
         Orcbow            |       |       |     1 ||     1
  Throw: Dart              |       |     6 |     7 ||    13
Ability: Dig               |       |     2 |     2 ||     4
         Shaft Self        |       |       |     4 ||     4
  Evoke: Wand              |       |       |     2 ||     2
    Use: Scroll            |       |     5 |     5 ||    10
   Stab: Sleeping          |    14 |       |       ||    14
 Armour: Leather armour    |    43 |       |       ||    43
         Ring mail         |    32 |   103 |    39 ||   174
  Dodge: Dodged            |    81 |    66 |    27 ||   174

Table legend: (Time is in decaauts)
 A = Elapsed time spent in this place.
 B = Non-inter-level travel time spent in this place.
 C = Inter-level travel time spent in this place.
 D = Time resting spent in this place.
 E = Time spent auto-exploring this place.
 F = Levels seen in this place.
 G = Mean time per level.
                   A        B        C        D        E       F      G
               +--------+--------+--------+--------+--------+-----+--------+
         Total |   5130 |   4842 |    288 |    853 |   2455 |  10 |  513.0 |
       Dungeon |   5130 |   4842 |    288 |    853 |   2455 |  10 |  513.0 |
               +--------+--------+--------+--------+--------+-----+--------+

Top non-repeatable levels by time:
     D:4: 1526 daAuts
     D:3: 1035 daAuts
     D:1: 918 daAuts
     D:2: 731 daAuts
     D:5: 380 daAuts
    D:10: 218 daAuts
    D:11: 179 daAuts
     D:9: 135 daAuts
     D:8: 3 daAuts
     D:6: 1 daAuts
